 Dungeon Crawl Stone Soup version 0.31.0-11-ge490571c62 (webtiles) character file.

Game seed: 17566847961797782656

478 qw the Shooter (level 6, 0/30 HPs)
             Began as a Spriggan Hunter on Feb 3, 2024.
             Succumbed to a scorpion's poison
             ... on level 5 of the Dungeon.
             The game lasted 00:00:26 (3504 turns).

qw the Shooter (Spriggan Hunter)                    Turns: 3504, Time: 00:00:26

Health: 0/30       AC:  4    Str: 13    XL:     6   Next: 85%
Magic:  7/7        EV: 22    Int: 10    God:
Gold:   218        SH:  0    Dex: 21    Spells: 5/5 levels left

rFire   . . .        a - +0 shortbow
rCold   . . .        (shield currently unavailable)
rNeg    . . .        c - +0 robe
rPois   .            h - +2 hat
rElec   .            (no cloak)
rCorr   .            (gloves unavailable)
SInv    +            (boots unavailable)
Will    +....        (no amulet)
Stlth   ++           d - +6 ring of strength
HPRegen 0.25/turn    (no ring)
MPRegen 0.10/turn

%: no passive effects
@: lethally poisoned (0 -> -5), very quick
A: very small, no large weapons, unfitting armour, see invisible, speed 3
a: no special abilities


You were on level 5 of the Dungeon.
You visited 1 branch of the dungeon, and saw 5 of its levels.

You collected 218 gold pieces.


Innate Abilities, Weirdness & Mutations

You are very small and have problems with some larger weapons.
You are too small for most types of armour.
You have supernaturally acute eyesight. (SInv)
You cover ground extremely quickly. (Speed+++)


   Skills:
 - Level 2.1 Fighting
 + Level 6.7 Ranged Weapons
 - Level 6.4 Dodging
 - Level 1.5 Stealth


You had 5 spell levels left.
You didn't know any spells.
Your spell library was empty.

Inventory:

Hand Weapons
 a - a +0 shortbow (weapon)
Armour
 c - a +0 robe (worn)
 h - a +2 hat (worn)
Jewellery
 d - a +6 ring of strength (left hand)
Wands
 b - a wand of charming (5)
Potions
 g - 2 potions of enlightenment
 k - a potion of curing

Dungeon Overview and Level Annotations

Branches:
Dungeon (5/15)
 Temple: D:4-7

Altars:
Makhleb
Sif Muna

Shops:
D:1 (


Message History

The arrow hits the scorpion but does no damage.
The scorpion is lightly wounded.
The scorpion barely misses you.
You shoot an arrow. The arrow hits the scorpion.
The scorpion is moderately wounded.
The scorpion completely misses you. The scorpion stings you.
You are poisoned.
The scorpion poisons you!
You shoot an arrow.
The arrow hits the scorpion but does no damage.
The scorpion is moderately wounded.
You feel very sick. The scorpion stings you.
You are lethally poisoned!
The scorpion poisons you!
You shoot an arrow. The arrow hits the scorpion.
The scorpion is moderately wounded.
You feel very sick. The scorpion closely misses you.
You shoot an arrow.
The arrow hits the scorpion but does no damage.
The scorpion is moderately wounded.
You feel very sick. The scorpion misses you.
You shoot an arrow. The arrow hits the scorpion!
The scorpion is almost dead.
You feel very sick. The scorpion closely misses you. The scorpion misses you.
3502 ||| READING scroll of teleportation.
As you read the scroll of teleportation, it crumbles to dust.
You feel strangely unstable.
You feel very sick. The scorpion completely misses you.
You shoot an arrow. The arrow closely misses the scorpion.
You feel sick. The scorpion misses you.
You shoot an arrow.
The arrow completely misses the scorpion.
Your surroundings suddenly seem different.
Found a shimmering blue altar of Sif Muna.
You die...

..##.......#.....#....
#.##.#......#...###.#.
..##.#.#.#..##.## ....
...............# #.###
..##.#..##..#####..#
..##.#..##..####...##
.###................#
.# ####.#.~~~~~~~~~.#
.# #.~.....@.~.# ##
.~.~~~~~.~.#
.~.~.._~.~.....
.~.~.~~~.~.###.
...~.....~...
.~~~~~~~~~....
.~.....~.......
.~.~~~.~.~.###.


There were no monsters in sight!

Vanquished Creatures
  A water moccasin (D:5)
  An ogre (D:5)
  An orc priest (D:3)
  3 sleepcaps (D:4)
  An orc wizard (D:3)
  3 gnolls (D:3)
  3 adders
  7 dart slugs
  6 orcs
  8 ball pythons
  A bat (D:1)
  10 endoplasms
  4 giant cockroaches
  8 goblins
  5 hobgoblins
  8 jackals
  4 quokkas
  3 frilled lizards (D:2)
  7 kobolds
  6 rats
90 creatures vanquished.

Notes
Turn   | Place    | Note
-------+----------+-------------------------------------------
     0 | D:1      | qw the Spriggan Hunter began the quest for the Orb.
     0 | D:1      | Reached XP level 1. HP: 10/10 MP: 2/2
     0 | D:1      | 0 ||| qw: Version: 0.3-a-155-g5e7d8dd
     0 | D:1      | 0 ||| qw: Game counter: 3260
     0 | D:1      | 0 ||| qw: Melee chars always use a shield: true
     0 | D:1      | 0 ||| qw: God list: Okawaru
     0 | D:1      | 0 ||| qw: Allow faded altars: false
     0 | D:1      | 0 ||| qw: Do Orc after clearing Dungeon:15 true
     0 | D:1      | 0 ||| qw: Do second Lair branch before Depths: true
     0 | D:1      | 0 ||| qw: Lair rune preference: random
     0 | D:1      | 0 ||| qw: Goals: Normal
     0 | D:1      | 0 ||| PLANNING D:1-11
    54 | D:1      | Reached skill level 3 in Dodging
    91 | D:1      | Reached XP level 2. HP: 14/14 MP: 3/3
   278 | D:1      | 278 ||| RETREEEEATING.
   285 | D:1      | Reached XP level 3. HP: 18/18 MP: 4/4
   834 | D:1      | Found Efetsekoa's Antique Weapon Emporium.
   909 | D:1      | 909 ||| DROPPING ring of flight.
   910 | D:1      | 910 ||| READING 2 scrolls labelled HOURRO ISISHRY.
   915 | D:1      | 915 ||| DRINKING 2 sedimented green potions.
   916 | D:1      | 916 ||| DRINKING 2 fizzy red potions.
   917 | D:1      | 917 ||| DROPPING scroll of butterflies.
   918 | D:1      | 918 ||| DROPPING potion of invisibility.
  1083 | D:2      | Found a faded altar of an unknown god.
  1253 | D:2      | Found a burning altar of Makhleb.
  1753 | D:2      | Reached XP level 4. HP: 22/22 MP: 5/5
  1811 | D:2      | 1811 ||| DROPPING +6 ring of intelligence.
  1812 | D:2      | 1812 ||| READING 3 scrolls labelled QADOEBRO IHOUM.
  1812 | D:2      | 1812 ||| IDENTIFYING 2 murky amethyst potions
  1813 | D:2      | 1813 ||| READING 2 scrolls of identify.
  1813 | D:2      | 1813 ||| IDENTIFYING scroll labelled XERUZ XAOHYES
  1814 | D:2      | 1814 ||| DROPPING 2 potions of ambrosia.
  1815 | D:2      | 1815 ||| DROPPING scroll of fog.
  1874 | D:3      | 1874 ||| STAIRDANCE
  2140 | D:3      | 2140 ||| DRINKING potion of curing.
  2140 | D:3      | 2140 ||| (to cure confusion)
  2143 | D:3      | Reached XP level 5. HP: 22/26 MP: 6/6
  2661 | D:3      | 2661 ||| UPGRADING to +6 ring of strength.
  2662 | D:3      | 2662 ||| READING 3 scrolls of identify.
  2662 | D:3      | 2662 ||| IDENTIFYING 2 orange potions
  2663 | D:3      | 2663 ||| READING 2 scrolls of identify.
  2663 | D:3      | 2663 ||| IDENTIFYING 2 sapphire potions
  2664 | D:3      | 2664 ||| DROPPING 2 potions of brilliance.
  2958 | D:4      | Reached skill level 6 in Ranged Weapons
  2968 | D:4      | Reached XP level 6. HP: 30/30 MP: 7/7
  3390 | D:4      | 3390 ||| UPGRADING to +1 hat.
  3395 | D:4      | 3395 ||| READING scroll of identify.
  3395 | D:4      | 3395 ||| IDENTIFYING scroll labelled MASOXY BUSHITH
  3396 | D:4      | 3396 ||| READING scroll labelled QEPLE KELOJO.
  3396 | D:4      | 3396 ||| ENCHANTING +1 hat.
  3397 | D:4      | 3397 ||| DROPPING scroll of fear.
  3410 | D:5      | Entered Level 5 of the Dungeon
  3426 | D:5      | Reached skill level 6 in Dodging
  3452 | D:5      | Noticed a water moccasin
  3470 | D:5      | Killed a water moccasin
  3501 | D:5      | HP: 6/30 [poisoned by a scorpion]
  3502 | D:5      | 3502 ||| READING scroll of teleportation.
  3503 | D:5      | HP: 1/30 [poisoned by a scorpion]
  3504 | D:5      | Found a shimmering blue altar of Sif Muna.
  3504 | D:5      | Succumbed to a scorpion's poison

Levels and vault maps discovered:
D:1:      elethiomel_arrival_maze, layout_basic, serial_shops, shop,
          st_stairs_10
D:2:      layout_basic, hellmonk_ecumenical_altar_run_dry, basic_altar,
          minmay_misc_feat_hallway
D:3:      layout_loops_cross
D:4:      layout_loops_ring, hellmonk_no_cap
D:5:      minmay_chambers_of_threes, layout_loops_cross,
          nicolae_overflow_crystal_walls, mainiacjoe_overflow_catwalk_spiral,
          minmay_temple_entry_waves

Skill      XL: |  1  2  3  4  5  6 |
---------------+-------------------+-----
Dodging        | 3 4 5 6 |  6.4
Ranged Weapons | 5 6 |  6.7
Fighting       | 2 |  2.1
Stealth        | |  1.5

Action                     |  1- 3 |  4- 6 || total
---------------------------+-------+-------++-------
   Fire: Shortbow          |   101 |   204 ||   305
    Use: Potion            |     2 |     1 ||     3
         Scroll            |     1 |     7 ||     8
 Armour: Robe              |     8 |    22 ||    30
  Dodge: Dodged            |    26 |   110 ||   136

Table legend:
 A = Non-vault XP
 B = Vault XP
 C = Vault XP percentage of total XP
 D = Non-vault monster count
 E = Vault monster count
 F = Vault count percentage of total count
                 A         B        C        D         E       F
            +---------+---------+-------+---------+---------+-------
      Total |     573 |     110 |  16.1 |      85 |       5 |   5.6
            +---------+---------+-------+---------+---------+-------
        D:1 |      66 |       2 |   2.9 |      31 |       2 |   6.1
        D:2 |      34 |       0 |   0.0 |      15 |       0 |   0.0
        D:3 |     167 |       0 |   0.0 |      26 |       0 |   0.0
        D:4 |      43 |     108 |  71.5 |      11 |       3 |  21.4
        D:5 |     263 |       0 |   0.0 |       2 |       0 |   0.0
            +---------+---------+-------+---------+---------+-------
